AoeStats
← Murmeldjuret. ®

Nomad

510845234Analyzed
4v4 RM · 19h ago on Oct 2, 2026· 12m 12s· 8 players
Game mode
Random Map
Map size
231×231
Population
200
Speed
Normal
Resources
Standard
Victory
Conquest
Starting age
Dark Age
Ending age
Imperial Age
RankedLock teamsTeams togetherTeam positionsShared explorationLock speedFull tech treeHidden civsTurbo modeCheats
Victory
Defeat
🇳🇴 Persians · Norway
1211
+13
🇳🇴 Vikings · Norway
1193
+13
🇳🇴 Italians · Norway
1169
+14
🇸🇪 Varangians · Sweden
1020
+21
🇸🇪 Danes · Sweden
1149
-16
🇺🇸 Chinese · United States
1129
-15
🇸🇪 Magyars · Sweden
1125
-15
🇳🇴 Cumans · Norway
1120
-15
Globox
4:31 Loom
Murmeldjuret. ®
5:38 Loom
Murkeldjuret. ®
7:05 Loom
13:38 Feudal Age
Agent Orange
4:06 Loom
ClickClackk
8:37 Loom
12:36 Feudal Age
einar
4:53 Loom
haksve
5:08 Loom
13:37 Feudal Age
Milvardo
4:57 Loom
Connection lost

Rejoining the realm…

Still unreachable

The connection could not be restored.

Session expired

The server has moved on; the page needs a fresh start.